 Dungeon Crawl Stone Soup version 0.31-a0-1611-g890cdf5628 (webtiles) character file.

Game seed: 13156221449675847721

241 Laraso the Firebug (level 5, -5/38 HPs)
             Began as a Draconian Fire Elementalist on Jan 9, 2024.
             Was a Follower of Sif Muna.
             Killed by psychic fangs
             ... invoked by a brain worm
              (14 damage)
             ... in a sewer.
             The game lasted 00:03:28 (2732 turns).

Laraso the Firebug (Draconian Fire Elementalist)    Turns: 2732, Time: 00:03:29

Health: -5/38      AC:  7    Str: 10    XL:     5   Next: 80%
Magic:  0/11       EV: 12    Int: 18    God:    Sif Muna [*.....]
Gold:   161        SH:  0    Dex: 17    Spells: 5/12 levels left

rFire   . . .        c - +1 dagger (venom)
rCold   . . .        (no shield)
rNeg    . . .        (body armour unavailable)
rPois   .            (helmet restricted)
rElec   .            (no cloak)
rCorr   .            b - +0 pair of gloves
SInv    .            j - +0 pair of boots
Will    .....        (no amulet)
Stlth   ++           n - +6 ring of dexterity
HPRegen 0.26/turn    (no ring)
MPRegen 0.12/turn

%: no passive effects
@: very slightly contaminated
A: AC +5, unfitting armour, cold-blooded
a: Renounce Religion, Channel Magic


You were in a sewer.
You worshipped Sif Muna.
Sif Muna was aware of your devotion.
You visited 1 branch of the dungeon, and saw 3 of its levels.
You also visited: Sewer.

You collected 161 gold pieces.

Inventory:

Hand Weapons
 c - a +1 dagger of venom (weapon)
Armour
 b - a +0 pair of gloves (worn)
 j - a +0 pair of boots (worn)
Jewellery
 n - a +6 ring of dexterity (left hand)
Wands
 f - a wand of roots (10)
Scrolls
 g - 2 scrolls of blinking
 k - a scroll of vulnerability
 l - 2 scrolls of teleportation
 m - a scroll of brand weapon {unknown}
 o - a scroll of fog {unknown}
 p - 2 scrolls of fear {unknown}
 q - a scroll of enchant armour {unknown}
Potions
 a - a potion of magic
 d - a potion of brilliance {unknown}
 e - a potion of curing
 h - a potion of degeneration {unknown}
 i - a potion of mutation {unknown}
 r - 2 potions of enlightenment


   Skills:
 - Level 1.7 Dodging
 - Level 1.7 Stealth
 - Level 4.0 Spellcasting
 * Level 3.1 Conjurations
 * Level 4.3 Fire Magic


You had 5 spell levels left.
You knew the following spells:

 Your Spells              Type           Power      Damage    Failure   Level
a - Foxfire               Conj/Fire      68%        2x1d7     3%          1
b - Scorch                Fire           38%        2d6       3%          2
v - Flame Wave            Conj/Fire      17%        2d7       32%         4

Your spell library contained the following spells:

 Spells                   Type           Power      Damage    Failure   Level
 Inner Flame              Hex/Fire       11%        N/A       19%         3
 Volatile Blastmotes      Fire/Tloc      22%        2d11      19%         3
 Frozen Ramparts          Ice            6%         1d1       41%         3
 Leda's Liquefaction      Alch/Erth      1%         N/A       82%         4
 Petrify                  Alch/Erth      3%         N/A       82%         4
 Metabolic Englaciation   Hex/Ice        1%         N/A       99%         5


Dungeon Overview and Level Annotations

Branches:
Dungeon (3/15)              Sewer (1/1)

Altars:
Sif Muna


Innate Abilities, Weirdness & Mutations

Your plain brown scales are hard. (AC +5)
You cannot fit into any form of body armour.
You are cold-blooded and may be slowed by cold attacks.


Message History

You hit the brain worm but do no damage.
The brain worm is poisoned.
The brain worm bites you but does no damage.
Unknown command.
Casting: Flame Wave (extremely dangerous; 32% risk of failure)
Confirm with . or Enter, or press ? or * to list all spells.
Casting: Flame Wave (extremely dangerous; 32% risk of failure)
Press: ? - help, Dir - look around, f - activate You miscast Flame Wave.
You are very lightly contaminated with residual magic.
Sparks fly from your hands! The brain worm barely misses you.
Unknown command.
Casting: Flame Wave (extremely dangerous; 32% risk of failure)
Confirm with . or Enter, or press ? or * to list all spells.
Casting: Flame Wave (extremely dangerous; 32% risk of failure)
Press: ? - help, Dir - look around, f - activate A wave of flame ripples out!
The flame wave engulfs the brain worm!
The brain worm is severely wounded. (Press . to intensify the flame waves.)
The brain worm misses you. The adder bites you but does no damage.
Unknown command.
A wave of flame ripples out!
The flame wave engulfs the brain worm.
The brain worm is almost dead.
The flame wave engulfs the adder!
The adder is almost dead.
The brain worm's bulging head throbs.
Something gnaws heavily on your mind!
* * * LOW HITPOINT WARNING * * *
The adder bites you but does no damage.
Without enough magic to sustain them, the waves of flame dissipate.
The adder bites you but does no damage.
The brain worm bites you but does no damage.
Unknown command.
You hit the brain worm but do no damage.
The brain worm looks as sick as possible!
The brain worm is almost dead.
The adder bites you but does no damage.
The brain worm's throbbing head pulsates.
Something gnaws heavily on your mind!
You die...

#~≈.# #.≈~#
#~≈~# #~≈~#
#### #~≈~#
#∩∩# #~≈~#
#..# #~≈.#
#..### #~≈~#
#..#w# #~≈.#
+..'@# #.≈~#
+..'S# #~≈~#
#..#.# #~≈~#
#..### #~≈~#
#..#
#~≈~####..###
#~≈~##.#..#.#
#~≈~##.'..'.#
#.≈~##.'..'.#


You could see a brain worm (extremely poisoned) and an adder.

Vanquished Creatures
  A bombardier beetle (D:2)
  2 orc wizards (D:3)
  3 gnolls (D:2)
  2 river rats
  2 adders
  5 dart slugs
  2 ribbon worms (D:2)
  3 orcs (D:3)
  3 ball pythons
  7 endoplasms
  3 giant cockroaches
  4 goblins
  3 hobgoblins
  4 jackals
  3 quokkas
  13 bats
  4 frilled lizards
  4 kobolds
  11 rats
79 creatures vanquished.

Vanquished Creatures (others)
  17 foxfires (D:1)
17 creatures vanquished.

Grand Total: 96 creatures vanquished

Notes
Turn   | Place    | Note
-------+----------+-------------------------------------------
     0 | D:1      | Laraso the Draconian Fire Elementalist began the quest for
                  | the Orb.
     0 | D:1      | Reached XP level 1. HP: 14/14 MP: 3/3
   263 | D:1      | Reached XP level 2. HP: 20/20 MP: 2/5
   609 | D:1      | Reached XP level 3. HP: 26/26 MP: 7/7
   925 | D:2      | Reached XP level 4. HP: 5/33 MP: 10/10
  1039 | D:2      | Learned a level 2 spell: Scorch
  1044 | D:2      | Learned a level 4 spell: Flame Wave
  2126 | D:3      | Found a shimmering blue altar of Sif Muna.
  2137 | D:3      | Became a worshipper of Sif Muna the Loreminder
  2247 | D:3      | Reached XP level 5. HP: 38/38 MP: 11/11
  2327 | D:3      | Found a glowing drain.
  2421 | Sewer    | Entered a sewer
  2662 | Sewer    | Reached * piety under Sif Muna
  2732 | Sewer    | Killed from afar by a brain worm

Illustrated notes

Levels and vault maps discovered:
D:1:      dpeg_arrival_ratfight, layout_rooms, nrook_mini_vaults,
          solitary_fountain, chequers_serial_rivers_micro_d,
          chequers_serial_rivers_micro_e
D:2:      layout_basic
D:3:      layout_rooms, nicolae_sif_muna_condensation, portal_sewer_entry_a
Sewer:    sewer_fruit_machine

Skill      XL: |  1  2  3  4  5 |
---------------+----------------+-----
Spellcasting   | 3 4 |  4.0
Conjurations   | 2 3 |  3.1
Fire Magic     | 4 |  4.3
Dodging        | |  1.7
Stealth        | |  1.7

Action                     |  1- 3 |  4- 6 || total
---------------------------+-------+-------++-------
  Melee: Unarmed           |     2 |       ||     2
         Dagger            |    77 |    96 ||   173
         Tailslap          |     9 |    15 ||    24
         Punch             |     1 |     1 ||     2
   Cast: Foxfire           |    10 |       ||    10
         Scorch            |       |    25 ||    25
         Flame Wave        |       |     3 ||     3
    Use: Scroll            |     2 |     2 ||     4
         Potion            |       |     1 ||     1
   Stab: Sleeping          |       |     1 ||     1
 Armour: Skin              |    45 |    75 ||   120
  Dodge: Dodged            |    61 |    71 ||   132

Table legend: (Time is in decaauts)
 A = Elapsed time spent in this place.
 B = Non-inter-level travel time spent in this place.
 C = Inter-level travel time spent in this place.
 D = Time resting spent in this place.
 E = Time spent auto-exploring this place.
 F = Levels seen in this place.
 G = Mean time per level.
                   A        B        C        D        E       F      G
               +--------+--------+--------+--------+--------+-----+--------+
         Total |   2783 |   2738 |     45 |    348 |   1771 |   4 |  695.8 |
       Dungeon |   2426 |   2381 |     45 |    250 |   1603 |   3 |  808.7 |
         Sewer |    357 |    357 |      0 |     98 |    167 |   1 |  357.0 |
               +--------+--------+--------+--------+--------+-----+--------+

Top non-repeatable levels by time:
     D:2: 1343 daAuts
     D:1: 732 daAuts
   Sewer: 357 daAuts
     D:3: 350 daAuts
